 Dungeon Crawl Stone Soup version 0.30-a0-168-g0b976cbdc4 (webtiles) character file.

Game seed: 15111232500433347430

35661 jlumianski the Cleaver (level 13, -3/118 HPs)
             Began as a Gargoyle Gladiator on Sept 29, 2022.
             Was an Elder of Qazlal.
             Slain by ystael's ghost (8 damage)
             ... on level 2 of the Orcish Mines.
             The game lasted 01:46:16 (13733 turns).

jlumianski the Cleaver (Gargoyle Gladiator)        Turns: 13733, Time: 01:46:17

Health: -3/118     AC: 35    Str: 18    XL:     13   Next: 85%
Magic:  20/20      EV:  8    Int: 16    God:    Qazlal [****..]
Gold:   1589       SH: 11    Dex: 11    Spells: 12/12 levels left

rFire   + . .      SeeInvis .    H - +3 war axe (vorpal)
rCold   . . .      Faith    .    D - +0 buckler
rNeg    + . .      Spirit   .    q - +2 chain mail {rF+}
rPois   ∞          Reflect  .    c - +2 helmet
rElec   +          Harm     .    s - +1 cloak
rCorr   +          Rampage  .    p - +2 pair of gloves
Will    +....                    B - +2 pair of boots
Stlth   ..........               k - amulet of regeneration
HPRegen 1.09/turn                R - ring "Layway" {Wiz rCorr Str-4 Int+2 Slay+3}
MPRegen 0.17/turn                M - ring of Divine Intervention {Will+ Int+4}

@: berserking, studying 2 skills, repel missiles, very quick
A: sickness immunity, AC +9, negative energy resistance 1, electricity
resistance, torment resistance 1, petrification resistance, claws 1, screaming
1, wild magic 1, evolution 2
a: Renounce Religion, Upheaval, Elemental Force


You were on level 2 of the Orcish Mines.
You worshipped Qazlal.
Qazlal was greatly pleased with you.
You visited 3 branches of the dungeon, and saw 16 of its levels.
You also visited: Sewer and Gauntlet.

You collected 1846 gold pieces.
You spent 257 gold pieces at shops.

Inventory:

Hand Weapons
 H - a +3 vorpal war axe (weapon)
 I - a +0 vampiric trident
 Q - a +3 scimitar of flaming
Missiles
 d - 5 throwing nets
 e - 15 javelins (quivered)
 l - 21 poisoned darts
 E - 3 silver boomerangs
 L - 10 boomerangs
 O - 5 curare-tipped darts
Armour
 b - +0 acid dragon scales
 c - a +2 helmet (worn)
 p - a +2 pair of gloves (worn)
 q - a +2 chain mail of fire resistance (worn)
 s - a +1 cloak (worn)
 B - a +2 pair of boots (worn)
 D - a +0 buckler (worn)
 J - a +1 chain mail of fire resistance
 T - a +2 pair of gloves of stealth
 U - the +2 scale mail "Kuomiepp" {Slay+3}
   (You found it in a Gauntlet)

   Slay:      It affects your accuracy & damage with ranged weapons and melee
   (+3).
 W - the +5 robe of Night {Dark Will+ SInv}
   (You found it in a Gauntlet)

   It shrouds the wearer in darkness, reducing the range at which they can see
   and be seen by others.
   SInv:      It lets you see invisible.
   Will:      It increases your willpower.
Magical Staves
 F - a staff of death
Jewellery
 f - a ring of resist corrosion
 k - an amulet of regeneration (around neck)
 M - the ring of Divine Intervention (right hand) {Will+ Int+4}
   (You found it in a Gauntlet)

   [ring of willpower]

   Int:       It affects your intelligence (+4).
   Will:      It increases your willpower.
 P - a ring of willpower
 R - the ring "Layway" (left hand) {Wiz rCorr Str-4 Int+2 Slay+3}
   (You found it in a Gauntlet)

   [ring of wizardry]

   It improves your spell success rate.
   Str:       It affects your strength (-4).
   Int:       It affects your intelligence (+2).
   Slay:      It affects your accuracy & damage with ranged weapons and melee
   (+3).
   rCorr:     It protects you from acid and corrosion.
 S - a +4 ring of protection
 V - the ring "Dej Tiok" {+Blink Str-4 Dex+6 Stlth+}
   (You found it in a Gauntlet)

   [ring of dexterity]

   Str:       It affects your strength (-4).
   Dex:       It affects your dexterity (+6).
   +Blink:    It lets you blink.
   Stlth:     It makes you more stealthy.
Wands
 w - a wand of mindburst (9)
 z - a wand of flame (9)
 C - a wand of digging (6)
Scrolls
 h - a scroll of summoning
 i - a scroll of magic mapping
 m - 5 scrolls of teleportation
 n - 3 scrolls of identify
 v - 4 scrolls of blinking
 y - 3 scrolls of poison
 G - 3 scrolls of butterflies
 K - 4 scrolls of fear
Potions
 a - a potion of brilliance
 g - 5 potions of curing
 j - 3 potions of resistance
 o - a potion of magic
 r - 2 potions of lignification
 t - a potion of cancellation
 u - 2 potions of might
 x - a potion of ambrosia
 A - a potion of haste
 N - a potion of berserk rage
Miscellaneous
 X - a phantom mirror


   Skills:
 + Level 8.6 Fighting
 + Level 12.5 Axes
 + Level 4.5 Throwing
 + Level 9.4 Armour
 + Level 5.0 Dodging
 + Level 1.2 Stealth
 + Level 6.3 Shields
 * Level 10.0 Invocations
 * Level 8.5 Evocations


You had 12 spell levels left.
You didn't know any spells.
Your spell library contained the following spells:

 Spells                   Type           Power      Damage    Failure   Level
 Apportation              Tloc           0%         N/A       77%         1
 Magic Dart               Conj           0%         1d3       77%         1
 Frozen Ramparts          Ice            0%         1d1       98%         3
 Gell's Gravitas          Tloc           0%         N/A       98%         3
 Kindle Blastsparks       Fire/Tloc/Air  0%         2d10      98%         3
 Teleport Other           Tloc           0%         N/A       98%         3
 Animate Dead             Necr           0%         N/A       100%        4
 Fulminant Prism          Conj/Hex       0%         3d6       100%        4
 Ice Form                 Ice/Tmut       0%         N/A       100%        4
 Iskenderun's Mystic Bla  Conj/Tloc      0%         2d3       100%        4
 Petrify                  Tmut/Erth      0%         N/A       100%        4
 Summon Ice Beast         Ice/Summ       0%         N/A       100%        4
 Alistair's Intoxication  Tmut/Pois      0%         N/A       100%        5
 Irradiate                Conj/Tmut      0%         3d11      100%        5
 Lee's Rapid Deconstruct  Erth           0%         3d5*      100%        5
 Lightning Bolt           Conj/Air       0%         1d11      100%        5
 Yara's Violent Unravell  Hex/Tmut       0%         3d3       100%        5
 Dispersal                Tloc           0%         N/A       100%        6
 Dragon Form              Tmut           0%         N/A       100%        7
 Enfeeble                 Hex            0%         N/A       100%        7
 Haunt                    Necr/Summ      0%         N/A       100%        7
 Storm Form               Tmut/Air       0%         N/A       100%        7
 Infestation              Necr           0%         N/A       100%        8
 Necromutation            Tmut/Necr      0%         N/A       100%        8
 Sublimation of Blood     Necr           Unusable   N/A       N/A         2
 Statue Form              Tmut/Erth      Unusable   N/A       N/A         6

Dungeon Overview and Level Annotations

Branches:
Dungeon (13/15)            Temple (1/1) D:7            Lair (0/5) D:9
    Orc (2/2) D:12            Elf (0/3) Orc:2         Sewer (visited)
Gauntlet (visited)
 Vaults: D:13-14

Altars:
Dithmenos
Fedhas
Gozag
Hepliaklqana
Makhleb
Qazlal
Ru
Trog
Vehumet
Wu Jian
Xom
Yredelemnul

Shops:
D:6 ?   Orc:1 [   Orc:2 =*([

Portals:
Trove: D:10 (show abyssal rune of Zot)

Annotations:
D:3 1 runed translucent door, IdlyInterested's ghost, amateur DsGl
Orc:2 ystael's ghost, journeyman TrFi


Innate Abilities, Weirdness & Mutations

You are immune to sickness and miasma.
Your stone body is resilient. (AC +9)
You are immune to poison.
You resist negative energy. (rN+)
You are resistant to electric shocks. (rElec)
You are resistant to unholy torment.
You are immune to petrification.
You have sharp fingernails.
You occasionally shout uncontrollably at your foes.
Your spells are a little harder to cast, but a little more powerful.
You have great hidden genetic potential.


Message History

Ystael's ghost hits you but does no damage.
You miss ystael's ghost.
Ystael's ghost is heavily damaged.
You barely miss the moth of wrath.
The moth of wrath bites you but does no damage.
You hit ystael's ghost.
Ystael's ghost is heavily damaged.
You slash the moth of wrath!
Ystael's ghost is engulfed in freezing vapours.
Ystael's ghost hits you!
* * * LOW HITPOINT WARNING * * *
The moth of wrath bites you but does no damage.
You barely miss ystael's ghost.
Ystael's ghost is heavily damaged.
You barely miss the moth of wrath.
Ystael's ghost is engulfed in freezing vapours.
You block ystael's ghost's attack.
You barely miss ystael's ghost.
Ystael's ghost is heavily damaged.
You slash the moth of wrath!
You kill the moth of wrath!
Qazlal accepts your kill.
You closely miss ystael's ghost.
Ystael's ghost is heavily damaged.
Ystael's ghost hits you!!
* * * LOW HITPOINT WARNING * * *
You slice ystael's ghost!!
Ystael's ghost is severely damaged.
You hit ystael's ghost but do no damage.
Ystael's ghost is severely damaged.
You block ystael's ghost's attack.
You hit ystael's ghost.
Ystael's ghost is severely damaged.
You block ystael's ghost's attack.
You slash ystael's ghost!
Ystael's ghost is almost destroyed.
You miss ystael's ghost.
Ystael's ghost is almost destroyed.
Ystael's ghost hits you!
You die...

##..............#......####......
#................................
##....................###........
#.................#####.##.......
#.<..............##......#..#....
#........#......##....#..##......
##..............#...#...#.#......
#...........##.†##..##y#..#.#....
#............#°W@#.#...#$##.##.#.
#..........)..○§##.....#/#..#####
##.##..#......§.#...#©."?#©..####
##.#............#.#...#.$#....#.#
#...#.....#...#.##.#.....##......
#...###....#.##..#...#.#..#.#.#..
##.## ##..######.#...#.#..#.#.###
### #...# #.#.......##....#.
##.### #.###.©.###..#.#..


You could see ystael's ghost.

Vanquished Creatures
  An orc warlord (Orc:1)
  A boulder beetle (D:12)
  5 two-headed ogres
  4 orc high priests
  Nergalle (D:10)
  Sonja (D:12)
  Lodul (D:9)
  A glowing orange brain (Gauntlet)
  A deep elf pyromancer (D:12)
  Pikel (D:5)
  3 orc knights
  4 orc sorcerers
  A necromancer (Gauntlet)
  2 manticores (D:12)
  2 cyclopes (D:12)
  2 moths of wrath (Orc:2)
  2 ugly things
  A gargoyle (D:10)
  A kobold demonologist (D:11)
  An unseen horror (D:12)
  An efreet (Gauntlet)
  2 komodo dragons
  A queen bee (Gauntlet)
  8 trolls
  A hornet (D:9)
  Grinder (D:5)
  A shadow (D:11)
  2 wyverns (D:8)
  2 fire elementals (Gauntlet)
  4 yaks
  A chaos spawn (Gauntlet)
  11 vampire mosquitoes
  A neqoxec (Gauntlet)
  11 wargs
  Menkaure (D:7)
  A hell hound (Gauntlet)
  5 water moccasins
  3 acid dragons
  4 ice beasts
  29 orc warriors
  4 black bears
  13 ogres
  2 sky beasts
  5 wolves (Gauntlet)
  2 lemures (D:5)
  A kobold brigand (D:9)
  A phantom (D:6)
  Blork the orc (D:4)
  A bullfrog (D:8)
  A necrophage (D:6)
  A scorpion (D:6)
  13 wights
  30 killer bees
  15 howler monkeys
  An electric eel (D:7)
  A centaur zombie (D:8)
  A jelly (D:6)
  3 hounds
  A gnoll bouda (D:8)
  7 orc priests
  4 iguanas
  Natasha (thrice) (D:2)
  13 orc wizards
  Robin (D:3)
  A howler monkey zombie (D:8)
  19 gnolls
  5 adders
  A white imp (D:8)
  An ufetubus (D:4)
  2 worms
  3 dart slugs
  39 orcs
  4 bats
  9 endoplasms
  5 giant cockroaches
  16 goblins
  7 hobgoblins
  3 jackals
  5 kobolds
  3 quokkas
  2 ball pythons (D:1)
  A frilled lizard (D:2)
  6 rats
383 creatures vanquished.

Vanquished Creatures (collateral kills)
  A minotaur (Gauntlet)
  An orc knight (Orc:2)
  2 chaos spawn (Gauntlet)
  An orc warrior (Orc:1)
  2 orc priests
  2 orcs
9 creatures vanquished.

Vanquished Creatures (others)
  59 fungi
  51 plants
110 creatures vanquished.

Grand Total: 502 creatures vanquished

Notes
Turn   | Place    | Note
-------+----------+-------------------------------------------
     0 | D:1      | jlumianski the Gargoyle Gladiator began the quest for the
                  | Orb.
     0 | D:1      | Reached XP level 1. HP: 12/12 MP: 1/1
   209 | D:1      | Reached skill level 3 in Axes
   209 | D:1      | Reached XP level 2. HP: 18/18 MP: 2/2
   657 | D:3      | Found a bloodstained altar of Trog.
   789 | D:3      | Found a shadowy altar of Dithmenos.
   813 | D:3      | Reached XP level 3. HP: 21/22 MP: 3/3
   900 | D:3      | Found a radiant altar of Vehumet.
  1299 | D:3      | Found a glowing drain.
  1304 | Sewer    | Entered a sewer
  1368 | Sewer    | Noticed a water moccasin
  1379 | Sewer    | Killed a water moccasin
  1380 | Sewer    | Reached skill level 4 in Axes
  1380 | Sewer    | Reached skill level 1 in Armour
  1380 | Sewer    | Reached XP level 4. HP: 3/27 MP: 4/4
  1380 | Sewer    | Reached XP level 5. HP: 4/32 MP: 5/5
  2365 | D:2      | Noticed Natasha
  2374 | D:2      | Killed Natasha
  2419 | D:2      | Noticed Natasha
  2432 | D:2      | Killed Natasha
  2551 | D:2      | Noticed Natasha
  2562 | D:2      | Killed Natasha
  2563 | D:2      | Reached XP level 6. HP: 36/37 MP: 6/6
  2616 | D:2      | Gained mutation: Your body sometimes deteriorates upon
                  | taking damage. [potion of mutation]
  2616 | D:2      | Gained mutation: Your spells are a little harder to cast,
                  | but a little more powerful. [potion of mutation]
  2616 | D:2      | Gained mutation: Your mind is acute. (Int +4, Str/Dex -1)
                  | [potion of mutation]
  2747 | D:3      | Found a faded altar of an unknown god.
  2956 | D:3      | Found a runed translucent door.
  2966 | D:3      | Noticed IdlyInterested's ghost (amateur DsGl)
  3008 | D:4      | Noticed Blork the orc
  3109 | D:3      | Reached skill level 5 in Axes
  3127 | D:4      | Noticed Robin
  3170 | D:3      | Killed Robin
  3478 | D:4      | Reached XP level 7. HP: 41/41 MP: 7/7
  3524 | D:4      | Found a stormy altar of Qazlal.
  3531 | D:4      | Became a worshipper of Qazlal Stormbringer
  3588 | D:4      | Killed Blork the orc
  3589 | D:4      | Reached skill level 1 in Evocations
  3617 | D:5      | Entered Level 5 of the Dungeon
  3699 | D:5      | Noticed Grinder
  3702 | D:5      | Paralysed by Grinder for 2 turns
  3719 | D:5      | Killed Grinder
  3871 | D:5      | Reached skill level 1 in Invocations
  3924 | D:6      | Noticed Pikel
  3935 | D:5      | Reached skill level 6 in Axes
  4083 | D:5      | Reached XP level 8. HP: 46/46 MP: 9/9
  4613 | D:5      | HP: 1/48 [ogre/+0 giant club (15)]
  4714 | D:5      | Reached * piety under Qazlal
  4977 | D:5      | Killed Pikel
  4978 | D:5      | Reached skill level 7 in Axes
  4978 | D:5      | Reached XP level 9. HP: 41/52 MP: 11/11
  5290 | D:7      | Found a staircase to the Ecumenical Temple.
  5298 | Temple   | Entered the Ecumenical Temple
  5368 | D:7      | Reached skill level 1 in Shields
  5371 | D:7      | Reached skill level 5 in Armour
  5383 | D:7      | Noticed Menkaure
  5432 | D:7      | Killed Menkaure
  5990 | D:6      | Found Fib Diumpi's Magic Scroll Boutique.
  5998 | D:6      | Bought a scroll of blinking for 105 gold pieces
  6184 | D:7      | Found a sacrificial altar of Ru.
  6255 | D:7      | Found an ornate altar of the Wu Jian Council.
  6256 | D:7      | Got the Secrets of Arcane Weapons and the Wayfarer
  6527 | D:8      | Reached skill level 8 in Axes
  6622 | D:9      | Noticed a komodo dragon
  6624 | D:9      | Found a staircase to the Lair.
  6893 | D:6      | Reached XP level 10. HP: 58/58 MP: 13/13
  6993 | D:8      | Reached skill level 5 in Fighting
  6993 | D:8      | Reached skill level 5 in Invocations
  7089 | D:8      | Found a basalt altar of Yredelemnul.
  7211 | D:10     | Entered Level 10 of the Dungeon
  7211 | D:10     | You fall into a shaft and drop 3 floors!
  7250 | D:13     | Noticed a cyclops
  7273 | D:12     | Noticed a two-headed ogre
  7391 | D:11     | Noticed a red ugly thing
  7528 | D:11     | Noticed a two-headed ogre
  7534 | D:11     | Noticed a kobold demonologist
  7542 | D:10     | Found a portal to a secret trove of treasure.
  7559 | D:10     | Noticed a two-headed ogre
  7574 | D:9      | HP: 2/59 [vampire mosquito (5)]
  7801 | D:8      | Found a shimmering altar of Xom.
  7805 | D:8      | Reached ** piety under Qazlal
  7988 | D:8      | Reached skill level 9 in Axes
  8070 | D:9      | Reached skill level 5 in Evocations
  8285 | D:9      | Reached XP level 11. HP: 59/64 MP: 15/15
  8640 | D:10     | Noticed a two-headed ogre
  8678 | D:10     | Noticed Lodul
  8682 | D:9      | Reached *** piety under Qazlal
  8880 | D:9      | Killed a two-headed ogre
  8944 | D:9      | Killed Lodul
  8992 | D:10     | Noticed Nergalle
  9006 | D:10     | Killed Nergalle
  9007 | D:10     | Reached skill level 10 in Axes
  9145 | D:10     | Killed a two-headed ogre
  9228 | D:10     | Found a blossoming altar of Fedhas.
  9261 | D:10     | Killed a two-headed ogre
  9485 | D:11     | Reached **** piety under Qazlal
  9651 | D:11     | Killed a red ugly thing
  9709 | D:11     | Killed a two-headed ogre
  9710 | D:11     | Reached XP level 12. HP: 33/72 MP: 17/17
  9744 | D:11     | Noticed a two-headed ogre
  9757 | D:11     | Killed a two-headed ogre
 10313 | D:12     | Found a staircase to the Orcish Mines.
 10464 | D:12     | Reached skill level 11 in Axes
 10619 | D:12     | Noticed a boulder beetle
 10641 | D:12     | Killed a boulder beetle
 10945 | D:13     | Noticed a centaur warrior
 11153 | Orc:1    | Entered Level 1 of the Orcish Mines
 11524 | Orc:1    | Noticed an orc high priest
 11533 | Orc:1    | Noticed Sonja
 11576 | D:12     | Killed Sonja
 11581 | D:12     | Lost mutation: Your body sometimes deteriorates upon taking
                  | damage. [potion of mutation]
 11581 | D:12     | Lost mutation: Your mind is acute. (Int +4, Str/Dex -1)
                  | [potion of mutation]
 11581 | D:12     | Gained mutation: You have sharp fingernails. [potion of
                  | mutation]
 11581 | D:12     | Gained mutation: You have hidden genetic potential. [potion
                  | of mutation]
 11623 | Orc:1    | Noticed a soul eater
 11624 | Orc:1    | Killed an orc high priest
 11727 | Orc:1    | Noticed an orc high priest
 11737 | Orc:1    | Killed an orc high priest
 11851 | Orc:1    | Found Eniunena's Armour Emporium.
 11859 | Orc:1    | Bought a +0 cloak for 76 gold pieces
 11859 | Orc:1    | Bought a +0 buckler for 76 gold pieces
 11926 | Orc:2    | Entered Level 2 of the Orcish Mines
 11926 | Orc:2    | Found a staircase to the Elven Halls.
 11964 | Orc:2    | Reached XP level 13. HP: 78/78 MP: 19/19
 12125 | Orc:2    | Paralysed by an orc sorcerer for 4 turns
 12188 | Orc:2    | Found Juege's Jewellery Shoppe.
 12196 | Orc:2    | Found a gate leading to a gauntlet.
 12208 | Gauntlet | Entered a Gauntlet
 12208 | Gauntlet | Found a transporter.
 12218 | Gauntlet | Found a transporter.
 12221 | Gauntlet | Found a transporter.
 12222 | Gauntlet | Found a transporter.
 12264 | Gauntlet | Reached skill level 12 in Axes
 12282 | Gauntlet | Found a transporter.
 12282 | Gauntlet | Found a transporter.
 12282 | Gauntlet | Found a transporter.
 12340 | Gauntlet | Reached skill level 1 in Stealth
 12344 | Gauntlet | Reached skill level 5 in Shields
 12347 | Gauntlet | Found a transporter.
 12347 | Gauntlet | Found a transporter.
 12347 | Gauntlet | Found a transporter.
 12351 | Gauntlet | Identified the ring of Divine Intervention {Will+ Int+4}
 12356 | Gauntlet | Found a runed translucent gate.
 12356 | Gauntlet | Found a runed translucent gate.
 12356 | Gauntlet | Found a runed translucent gate.
 12358 | Gauntlet | Found a transporter.
 12360 | Gauntlet | Found a transporter.
 12361 | Gauntlet | Found a transporter.
 12396 | Gauntlet | Found a transporter.
 12425 | Gauntlet | Identified the ring "Layway" {Wiz rCorr Str-4 Int+2 Slay+3}
 12435 | Gauntlet | Noticed a minotaur
 12447 | Gauntlet | Killed a minotaur
 12457 | Gauntlet | Found the +5 robe of Night {Dark Will+ SInv}
 12464 | Gauntlet | Identified the +2 scale mail "Kuomiepp" {Slay+3}
 12468 | Gauntlet | Got Velaax's Almanac of Transformation
 12472 | Gauntlet | Identified the ring "Dej Tiok" {+Blink Str-4 Dex+6 Stlth+}
 12515 | Orc:2    | Found a transporter.
 12563 | Orc:2    | Found Iriec's Antique Weapon Shop.
 12563 | Orc:2    | Noticed an orc warlord
 12601 | Orc:1    | Gained mutation: You have great hidden genetic potential.
                  | [hidden potential]
 12651 | Orc:1    | Killed an orc warlord
 12758 | Orc:2    | Gained mutation: You occasionally shout uncontrollably at
                  | your foes. [a neqoxec]
 12983 | Orc:2    | Found Qowid's Antique Armour Shop.
 13106 | Orc:2    | Reached skill level 5 in Dodging
 13144 | Orc:2    | Found Jaby's General Store.
 13203 | Orc:2    | Noticed ystael's ghost (journeyman TrFi)
 13213 | Orc:2    | Found a transporter.
 13720 | Orc:2    | Reached skill level 10 in Invocations
 13728 | Orc:2    | HP: 2/118 [ystael's ghost (28)]
 13733 | Orc:2    | Slain by ystael's ghost

Illustrated notes

Levels and vault maps discovered:
D:1:      lightli_molten_gateway, layout_basic, minmay_domino_2
D:2:      layout_rooms, uniq_natasha
D:3:      layout_basic, mainiacjoe_overflow_boulevard,
          mainiacjoe_overflow_six_doors_small, nicolae_overflow_crystal_walls,
          gup_sewer_entry_bowl, ebering_ghost_sewer_d,
          shapermc_ecumenical_altar_ellora
D:4:      layout_cave_pools, mainiacjoe_overflow_tiny_flanked,
          uniq_blork_the_orc, uniq_robin
D:5:      layout_cave_pods, serial_park, serial_park_fountain,
          serial_park_square1 [serial_park_minivault_5x5_2], serial_park_tiny_1,
          minmay_manual_macuahuitl, uniq_grinder
D:6:      layout_loops_ring, serial_shops, shop, minmay_misc_feat_doors,
          uniq_pikel
D:7:      layout_loops_ring, mainiacjoe_overflow_cross_hatched,
          nicolae_ru_sacrificial_ziggurat, minmay_temple_entry_mini_moons,
          nicolae_lava_and_water, uniq_menkaure
D:8:      layout_basic, overflow_temple_1_default,
          lemuel_zombie_altar_yredelemnul
D:9:      layout_loops_ring, due_lair_maze_entry_diamond
D:10:     layout_rooms, kennysheep_little_box, nicolae_trove_entry_free_sample,
          enter_bailey_5, uniq_nergalle, uniq_lodul
D:11:     layout_loops_ring, hangedman_abyss_or_decor_lesser_grid
D:12:     layout_roguey, david_orc_1_choice, kennysheep_generic_room_8
D:13:     layout_long_grid, grunt_vaults_entry_fortified, serial_undead,
          serial_undead_a, serial_undead_d, serial_undead_a, serial_undead_b,
          serial_undead_f, serial_undead_e, serial_undead_d, serial_undead_d,
          serial_undead_b, serial_undead_a
Temple:   nicolae_temple_bog_church
Orc:1:    layout_diamond_mine, serial_shops, shop, basic_altar,
          david_defended_altar_orc, uniq_sonja
Orc:2:    grunt_orc_gardens, layout_caves, grunt_orc_garden, grunt_orc_garden,
          grunt_orc_garden, grunt_orc_garden, gammafunk_ghost_berserking_beasts,
          gauntlet_entry_generic, basic_altar

Skill      XL: |  1  2  3  4  5  6  7  8  9 10 11 12 13 |
---------------+----------------------------------------+-----
Axes           | 3 4 5 6 7 8 9 10 11 12 | 12.5
Armour         | 1 2 3 4 5 6 7 8 9 |  9.4
Dodging        | 3 4 5 |  5.0
Throwing       | 2 3 4 |  4.5
Fighting       | 3 4 6 7 8 |  8.6
Evocations     | 1 2 4 5 6 7 8 |  8.5
Invocations    | 1 3 4 6 7 8 10 | 10.0
Shields        | 1 2 3 4 6 |  6.3
Stealth        | 1 |  1.2

Action                   |  1- 3 |  4- 6 |  7- 9 | 10-12 | 13-15 || total
-------------------------+-------+-------+-------+-------+-------++-------
Melee: War axe           |    98 |   118 |   305 |   616 |   330 ||  1467
       Punch             |     2 |       |     4 |    10 |       ||    16
Throw: Dart              |     3 |    16 |    21 |    38 |       ||    78
       Javelin           |       |       |       |       |     1 ||     1
Invok: Elemental Force   |       |       |       |     2 |     4 ||     6
       Upheaval          |       |       |       |       |     1 ||     1
Evoke: Wand              |       |       |     1 |       |       ||     1
  Use: Scroll            |     9 |     5 |     9 |    12 |     1 ||    36
       Potion            |       |     3 |     2 |     2 |     2 ||     9
 Stab: Paralysed         |       |       |       |       |     2 ||     2
Armor: Leather armour    |    23 |       |       |       |       ||    23
       Chain mail        |    63 |    93 |   267 |   823 |   272 ||  1518
Dodge: Dodged            |    60 |    62 |   117 |   374 |   137 ||   750
       Repelled          |       |       |       |     1 |       ||     1
Block: Other             |       |       |     8 |   151 |       ||   159
       Buckler           |       |       |       |     9 |   224 ||   233

Table legend: (Time is in decaauts)
 A = Elapsed time spent in this place.
 B = Non-inter-level travel time spent in this place.
 C = Inter-level travel time spent in this place.
 D = Time resting spent in this place.
 E = Time spent auto-exploring this place.
 F = Levels seen in this place.
 G = Mean time per level.
                   A        B        C        D        E       F      G
               +--------+--------+--------+--------+--------+-----+--------+
         Total |  13881 |  13666 |    215 |    865 |   6483 |  18 |  771.2 |
       Dungeon |  10927 |  10731 |    196 |    332 |   5541 |  13 |  840.5 |
        Temple |     25 |     25 |      0 |      0 |      0 |   1 |   25.0 |
  Orcish Mines |   2224 |   2205 |     19 |    254 |    894 |   2 | 1112.0 |
         Sewer |    437 |    437 |      0 |    279 |     48 |   1 |  437.0 |
      Gauntlet |    266 |    266 |      0 |      0 |      0 |   1 |  266.0 |
               +--------+--------+--------+--------+--------+-----+--------+

Top non-repeatable levels by time:
     D:5: 1218 daAuts
     D:3: 1217 daAuts
   Orc:2: 1188 daAuts
    D:12: 1078 daAuts
     D:1: 1068 daAuts
   Orc:1: 1036 daAuts
     D:9: 1003 daAuts
     D:8: 931 daAuts
     D:7: 922 daAuts
    D:11: 921 daAuts
     D:6: 697 daAuts
     D:4: 691 daAuts
    D:10: 623 daAuts
     D:2: 490 daAuts
   Sewer: 437 daAuts
